 Dungeon Crawl Stone Soup version 0.30-a0-360-g447f08457e (webtiles) character file.

Game seed: 3216374732479032338

3493 oldriver the Thaumaturge (level 9, -1/69 HPs)
             Began as a Mummy Necromancer on Nov 14, 2022.
             Was a Priest of Qazlal.
             Slain by a harpy (shapeshifter) (10 damage)
             ... on level 8 of the Dungeon.
             The game lasted 00:19:43 (10362 turns).

oldriver the Thaumaturge (Mummy Necromancer)       Turns: 10362, Time: 00:19:44

Health: -1/69      AC:  4    Str: 11    XL:     9   Next: 80%
Magic:  15/24      EV: 12    Int: 18    God:    Qazlal [***...]
Gold:   533        SH:  4    Dex: 13    Spells: 14/30 levels left

rFire   x . .      SeeInvis .    (no weapon)
rCold   + + .      Faith    +    (no shield)
rNeg    + + +      Spirit   .    a - +0 robe
rPois   ∞          Reflect  .    (no helmet)
rElec   .          Harm     .    (no cloak)
rCorr   .          Rampage  .    e - +1 pair of gloves
Will    +....                    (no boots)
Stlth   +.........               (no amulet)
HPRegen 0.31/turn                i - ring of protection from cold
MPRegen 0.19/turn                (no ring)

@: about to teleport, very slightly contaminated
A: cold resistance 1, negative energy resistance 3, torment resistance 2, heat
vulnerability 1, in touch with death 1, no potions, faith
a: Renounce Religion, Upheaval, Elemental Force


You were on level 8 of the Dungeon.
You worshipped Qazlal.
Qazlal was most pleased with you.
You visited 2 branches of the dungeon, and saw 9 of its levels.
You also visited: Sewer.

You collected 533 gold pieces.

Inventory:

Armour
 a - a +0 robe (worn)
 e - a +1 pair of gloves (worn)
Jewellery
 i - a ring of protection from cold (left hand)
Wands
 j - a wand of iceblast (3)
Scrolls
 b - a scroll of noise {unknown}
 d - a scroll of amnesia
 f - a scroll of vulnerability
 g - 2 scrolls of enchant weapon
 h - 3 scrolls of identify
 k - a scroll of magic mapping {unknown}


   Skills:
 + Level 6.2 Fighting
 - Level 1.5 Dodging
 - Level 1.5 Stealth
 * Level 11.0 Spellcasting
 + Level 7.5 Necromancy
 + Level 4.9 Air Magic


You had 14 spell levels left.
You knew the following spells:

 Your Spells              Type           Power      Damage    Failure   Level
a - Necrotise             Necr           100%       1d9       1%          1
b - Vampiric Draining     Necr           53%        2d9       1%          3
c - Animate Dead          Necr           53%        N/A       3%          4
d - Airstrike             Air            13%        2d(2-18)  10%         4
p - Shock                 Conj/Air       72%        1d7       2%          1
s - Swiftness             Air            27%        N/A       2%          3

Your spell library contained the following spells:

 Spells                   Type           Power      Damage    Failure   Level
 Sandblast                Erth           18%        2d7       7%          1
 Vhi's Electric Charge    Tloc/Air       36%        N/A       8%          3
 Agony                    Necr           53%        N/A       9%          5
 Passwall                 Tmut/Erth      7%         N/A       11%         2
 Stone Arrow              Conj/Erth      18%        3d8       22%         3
 Tukima's Dance           Hex            9%         N/A       22%         3
 Leda's Liquefaction      Hex/Erth       4%         N/A       56%         4
 Passage of Golubria      Tloc           9%         N/A       56%         4
 Arcjolt                  Conj/Air       9%         1d19      58%         5
 Iskenderun's Battlesphe  Conj           9%         2d6       89%         5
 Lee's Rapid Deconstruct  Erth           4%         3d5*      89%         5
 Yara's Violent Unravell  Hex/Tmut       4%         3d4       89%         5
 Iron Shot                Conj/Erth      4%         9d2       100%        6
 Spellforged Servitor     Conj/Summ      4%         N/A       100%        7
 Maxwell's Capacitive Co  Air            13%        ∞         100%        8
 Statue Form              Tmut/Erth      Unusable   N/A       N/A         6

Dungeon Overview and Level Annotations

Branches:
Dungeon (8/15)             Temple (1/1) D:6           Sewer (visited)
   Lair: D:8-11

Altars:
Ashenzari
Dithmenos
Fedhas
Gozag
Hepliaklqana
Kikubaaqudgha
Makhleb
Nemelex Xobeh
Okawaru
Qazlal
Ru
Sif Muna
Uskayaw
Vehumet
Wu Jian

Shops:
D:6 [

Annotations:
D:2 Sigmund


Innate Abilities, Weirdness & Mutations

You are immune to poison.
Your flesh is cold resistant. (rC+)
You are immune to negative energy. (rN+++)
You are immune to unholy pain and torment.
You are vulnerable to heat. (rF-)
You are in touch with the powers of death.
You do not drink.
You have a special connection with the divine. (Faith)


Message History

Confirm with . or Enter, or press ? or * to list all spells.
Aiming: Airstrike (dangerous; 10% risk of failure)
Press: ? - help, Dir - move target, f/p - bullfrog
Aim: a bullfrog (empty space bonus: 2/8)
The air twists around and strikes the bullfrog!
The bullfrog is heavily wounded.
You hear a shout!
Unknown command.
You feel a surge of power!
The bullfrog writhes in agony.
You feel a surge of power!
The bullfrog writhes in agony!
You block the bullfrog's attack.
You feel a surge of power!
The bullfrog barely resists.
The bullfrog barely misses you.
A deep elf pyromancer comes into view.
It is wielding a +2 short sword of protection.
A kobold brigand comes into view.
It is wielding a +0 dagger and quivering curare-tipped darts.
The bullfrog hits you but does no damage.
The deep elf pyromancer gestures at you while chanting.
The bolt of fire hits you!! The fire burns you terribly! The bullfrog hits you.
The bullfrog closely misses you.
As you read the scroll of teleportation, it crumbles to dust.
You feel strangely unstable. The bullfrog misses you.
The deep elf pyromancer casts a spell.
The deep elf pyromancer blinks!
The bullfrog attacks as you move away! The bullfrog hits you.
The bullfrog hits you!
* * * LOW HITPOINT WARNING * * *
Your surroundings suddenly seem different.
A harpy and a blink frog come into view.
Found a flail, the Commentary on Creation and a shiny scale mail.
The harpy screeches!
The blink frog croaks.
You hear a shout!
You hear a roar!
You hear a loud, deep croak!
A wraith comes into view.
The blink frog hits you.
* * * LOW HITPOINT WARNING * * *
You hear a shout!
As you read the scroll of teleportation, it crumbles to dust.
You feel strangely unstable.
You hear a shout!
The harpy claws you!
You die...

##...!.........# ...
##..#.........### #.# #
#...............### #'#
.#
..#..#.#####......###)#
..# #....#.#
###........##...##
.....#.#
####.............
####.#.# #..###....####
#.#.# #W:H.####...###
#.#.# #F@..)###...###
#.#.# #..###.♣###...###
#.#.# ..### ###...###
####.#.# ### ###....
...#.#.# ####. .#.#'#.#
#. .#.....# #. .......#
#. .......# #.


You could see a harpy, a blink frog and a wraith.

Vanquished Creatures
  A two-headed ogre (D:8)
  A wyvern (D:7)
  A water moccasin (D:6)
  2 orc warriors (D:7)
  2 ice beasts
  A black bear (D:6)
  Pargi (Sewer)
  4 ogres
  A centaur (D:6)
  A phantom (D:6)
  A kobold brigand (D:6)
  3 bullfrogs (D:8)
  A necrophage (D:5)
  A gnoll sergeant (D:6)
  4 scorpions
  3 jellies
  3 orc priests
  2 gnoll boudas
  2 hounds (D:6)
  5 iguanas
  Natasha (thrice) (D:3)
  2 orc wizards
  A troll zombie (Sewer)
  15 gnolls
  6 adders
  3 river rats (D:6)
  A shadow imp (D:6)
  3 white imps
  3 orc zombies
  4 dart slugs
  17 orcs
  2 ball pythons
  8 bats
  9 endoplasms
  4 giant cockroaches
  4 gnoll zombies (D:8)
  7 goblins
  9 hobgoblins
  6 jackals
  4 quokkas
  6 frilled lizards
  8 kobolds
  A kobold zombie (D:6)
  10 rats
176 creatures vanquished.

Vanquished Creatures (collateral kills)
  An orc priest (D:6)
  A hound (D:6)
  An adder (Sewer)
  A gnoll (D:8)
  2 orcs (D:7)
  2 endoplasms (D:1)
  A ball python (D:6)
9 creatures vanquished.

Vanquished Creatures (others)
  An adder zombie (Sewer)
  4 orc zombies (D:7)
  A gnoll zombie (D:6)
  49 plants
55 creatures vanquished.

Grand Total: 240 creatures vanquished

Notes
Turn   | Place    | Note
-------+----------+-------------------------------------------
     0 | D:1      | oldriver the Mummy Necromancer began the quest for the Orb.
     0 | D:1      | Reached XP level 1. HP: 13/13 MP: 4/4
   117 | D:1      | Reached skill level 3 in Spellcasting
   227 | D:1      | Reached XP level 2. HP: 20/20 MP: 4/6
   559 | D:1      | Reached skill level 1 in Fighting
   734 | D:1      | Gained mutation: You are in touch with the powers of death.
                  | [Mummy growth]
   734 | D:1      | Reached XP level 3. HP: 26/26 MP: 4/8
   805 | D:1      | Learned a level 3 spell: Vampiric Draining
   807 | D:1      | Learned a level 1 spell: Shock
   854 | D:1      | Learned a level 3 spell: Swiftness
  1425 | D:2      | Noticed Sigmund
  1464 | D:3      | Noticed a scorpion
  1495 | D:3      | Killed a scorpion
  1496 | D:3      | Reached skill level 4 in Spellcasting
  1496 | D:3      | Reached XP level 4. HP: 33/33 MP: 5/10
  1757 | D:3      | Learned a level 4 spell: Animate Dead
  1978 | D:3      | Noticed Natasha
  1986 | D:3      | Killed Natasha
  1987 | D:3      | Reached skill level 1 in Air Magic
  1987 | D:3      | Reached XP level 5. HP: 38/38 MP: 9/12
  2380 | D:3      | Noticed Natasha
  2388 | D:3      | Killed Natasha
  2394 | D:3      | Noticed Natasha
  2455 | D:3      | Killed Natasha
  2456 | D:3      | Reached skill level 5 in Spellcasting
  2883 | D:4      | Found a stormy altar of Qazlal.
  2925 | D:4      | Became a worshipper of Qazlal Stormbringer
  3028 | D:3      | Reached XP level 6. HP: 22/46 MP: 5/14
  3449 | D:4      | Reached skill level 5 in Necromancy
  3572 | D:4      | Reached skill level 6 in Spellcasting
  3868 | D:4      | Reached XP level 7. HP: 42/52 MP: 10/16
  4121 | D:4      | Reached * piety under Qazlal
  4132 | D:5      | Entered Level 5 of the Dungeon
  4727 | D:5      | Reached skill level 7 in Spellcasting
  6310 | D:6      | Reached XP level 8. HP: 60/60 MP: 16/19
  6336 | D:6      | Found a glowing drain.
  6354 | Sewer    | Entered a sewer
  6380 | Sewer    | Reached ** piety under Qazlal
  6417 | Sewer    | Noticed Pargi
  6422 | Sewer    | Killed Pargi
  6483 | Sewer    | Your ally Pargi died
  6631 | D:6      | Reached skill level 8 in Spellcasting
  7060 | D:6      | Found a staircase to the Ecumenical Temple.
  7102 | D:6      | Found Ufosung's Armour Shoppe.
  7336 | D:6      | Reached skill level 9 in Spellcasting
  7664 | D:6      | HP: 3/61 [centaur/arrow (13)]
  7667 | D:6      | Reached skill level 5 in Fighting
  7950 | Temple   | Entered the Ecumenical Temple
  8182 | D:6      | Reached XP level 9. HP: 57/68 MP: 9/22
  8195 | D:6      | Reached *** piety under Qazlal
  8891 | D:7      | Reached skill level 10 in Spellcasting
  9680 | D:8      | Learned a level 4 spell: Airstrike
  9817 | D:8      | Noticed a two-headed ogre
 10092 | D:8      | Killed a two-headed ogre
 10093 | D:8      | Reached skill level 11 in Spellcasting
 10354 | D:8      | Noticed a deep elf pyromancer
 10361 | D:8      | Noticed a harpy
 10362 | D:8      | Slain by a harpy (shapeshifter)

Illustrated notes

Levels and vault maps discovered:
D:1:      dpeg_arrival_refuge, layout_basic, serial_forest,
          infiniplex_forest_corner_1, infiniplex_forest_lined_3,
          infiniplex_forest_clump_medium, infiniplex_forest_lined_ring,
          infiniplex_forest_clump_medium, infiniplex_forest_straight_2,
          infiniplex_forest_lined_ring, infiniplex_forest_lined_ring,
          infiniplex_forest_clump_double
D:2:      layout_basic, uniq_sigmund
D:3:      layout_basic, uniq_natasha
D:4:      cheibrodos_quashed, layout_loops_cross, mainiacjoe_overflow_alcove_2
D:5:      layout_rooms
D:6:      kennysheep_housing_project, layout_loops_ring, temple_green,
          serial_shops, nicolae_shop_behind_doors, portal_sewer_entry_e
D:7:      layout_loops_ring
D:8:      minmay_the_grid_triangle_9x9_rhombus_full
          [minmay_the_grid_triangle_9x9_negative_grid,
          minmay_the_grid_triangle_9x9_empty,
          minmay_the_grid_triangle_9x9_intruding_spiral,
          minmay_the_grid_triangle_9x9_alien,
          minmay_the_grid_triangle_9x9_sparse_checkered,
          minmay_the_grid_triangle_9x9_shrine,
          minmay_the_grid_triangle_9x9_longest,
          minmay_the_grid_triangle_9x9_prize_schism], layout_basic,
          chequers_temple_overflow_minitemple, ebering_ghost_disaster_area,
          serial_aquarium, aquarium_bridge_long_separate
          [aquarium_subvault_wall, aquarium_subvault_balcony,
          aquarium_subvault_bridge, aquarium_subvault_window,
          aquarium_subvault_bridge, aquarium_subvault_bridge],
          aquarium_window_corridor_1, aquarium_window_corner,
          aquarium_window_fake, aquarium_view_2c, aquarium_view_2e,
          aquarium_pool_2
Temple:   sentei_temple_godly_chess

Skill      XL: |  1  2  3  4  5  6  7  8  9 |
---------------+----------------------------+-----
Spellcasting   | 3 4 5 6 7 9 11 | 11.0
Fighting       | 1 2 3 5 6 |  6.2
Air Magic      | 1 2 4 |  4.9
Necromancy     | 5 6 7 |  7.5
Dodging        | |  1.5
Stealth        | |  1.5

Action                   |  1- 3 |  4- 6 |  7- 9 || total
-------------------------+-------+-------+-------++-------
Melee: Unarmed           |     6 |     4 |    45 ||    55
       Punch             |       |       |     2 ||     2
 Cast: Necrotise         |    68 |    89 |   266 ||   423
       Shock             |       |     6 |    28 ||    34
       Vampiric Draining |       |    11 |    35 ||    46
       Animate Dead      |       |       |     9 ||     9
       Swiftness         |       |       |     1 ||     1
       Airstrike         |       |       |     3 ||     3
Evoke: Wand              |       |       |     1 ||     1
  Use: Scroll            |       |       |    13 ||    13
Armor: Robe              |     3 |     6 |    37 ||    46
Dodge: Dodged            |    14 |    22 |   120 ||   156
Block: Other             |       |       |    22 ||    22

Table legend: (Time is in decaauts)
 A = Elapsed time spent in this place.
 B = Non-inter-level travel time spent in this place.
 C = Inter-level travel time spent in this place.
 D = Time resting spent in this place.
 E = Time spent auto-exploring this place.
 F = Levels seen in this place.
 G = Mean time per level.
                   A        B        C        D        E       F      G
               +--------+--------+--------+--------+--------+-----+--------+
         Total |  10396 |   9957 |    439 |   1559 |   6544 |  10 | 1039.6 |
       Dungeon |   9981 |   9542 |    439 |   1355 |   6427 |   8 | 1247.6 |
        Temple |    160 |    160 |      0 |    159 |      0 |   1 |  160.0 |
         Sewer |    254 |    254 |      0 |     45 |    117 |   1 |  254.0 |
               +--------+--------+--------+--------+--------+-----+--------+

Top non-repeatable levels by time:
     D:6: 2156 daAuts
     D:3: 1521 daAuts
     D:1: 1435 daAuts
     D:4: 1320 daAuts
     D:7: 1029 daAuts
     D:5: 962 daAuts
     D:2: 894 daAuts
     D:8: 661 daAuts
   Sewer: 254 daAuts
  Temple: 160 daAuts
